 Dungeon Sprint DCSS version 0.23.2-11-gf996548c65 (webtiles) character file.

Game seed: 4634689651991941844

7116 Kobolds4U the Severer (level 10, -6/107 HPs)
             Began as a Minotaur Fighter on June 3, 2019.
             Was a High Priest of Okawaru.
             Mangled by a hellwing (7 damage)
             ... in the Dungeon (Sprint I: "Red Sonja").
             The game lasted 00:09:06 (2509 turns).

Kobolds4U the Severer (Minotaur Fighter)            Turns: 2509, Time: 00:09:06

Health: -6/107     AC: 13    Str: 28    XL:     10   Next: 85%
Magic:  1/15       EV:  7    Int:  5    God:    Okawaru [*****.]
Gold:   418        SH: 10    Dex: 12    Spells: 9/9 levels left

rFire    . . .     SeeInvis .   a - +0 war axe
rCold    x . .     Gourm    .   c - +0 shield
rNeg     . . .     Faith    .   p - +0 chain mail
rPois    .         Spirit   .   (helmet restricted)
rElec    .         Reflect  .   (no cloak)
rCorr    .         Harm     .   (no gloves)
MR       .....     NoTele   +   (no boots)
Stlth    ..........             d - amulet of Mexued {+Fly rC- Regen+ Str+6 Stlth-}
HPRegen  0.67/turn              (no ring)
MPRegen  0.14/turn              (no ring)

@: finesse
A: retaliatory headbutt, horns 2
a: Heroism, Finesse, Renounce Religion, Evoke Flight


You were in the Dungeon.
You worshipped Okawaru.
Okawaru was extremely pleased with you.
You were not hungry.

You visited 1 branch You collected 1060 gold pieces.
You spent 642 gold pieces at shops.

Inventory:

Hand Weapons
 a - a +0 war axe (weapon)
 b - a +0 longbow
Missiles
 g - 58 arrows
Armour
 c - a +0 shield (worn)
 p - a +0 chain mail (worn)
Jewellery
 d - the amulet of Mexued (around neck) {+Fly rC- Regen+ Str+6 Stlth-}
   (You bought it in a shop in the Dungeon)

   [amulet of regeneration]

   It affects your strength (+6).
   It makes you vulnerable to cold.
   It lets you fly.
   It increases your rate of regeneration.
   It makes you less stealthy.
Wands
 l - a wand of polymorph (6)
Scrolls
 m - a scroll of fog {unknown}
 o - a scroll of identify {unknown}
Potions
 e - a potion of curing
 i - 2 potions of magic
Comestibles
 f - 4 rations


   Skills:
 + Level 15.9 Fighting
 - Level 16.2 Axes
 * Level 8.9 Bows
 + Level 15.2 Armour
 - Level 3.6 Shields
 - Level 8.2 Invocations
 + Level 2.7 Evocations


You had 9 spell levels left.
You didn't know any spells.
Your spell library was empty.

Dungeon Overview and Level Annotations

Branches:
Dungeon (1/1)

Altars:
Cheibriados
Dithmenos
Elyvilon
Fedhas
Gozag
Hepliaklqana
Kikubaaqudgha
Makhleb
Nemelex Xobeh
Okawaru
Qazlal
Ru
Sif Muna
Trog
Uskayaw
Vehumet
Wu Jian
Xom
Yredelemnul
Zin
The Shining One
Jiyva
Lugonu

Shops:
D =![

Annotations:
D exclusion: oklob plant


Innate Abilities, Weirdness & Mutations

You reflexively headbutt those who attack you in melee.
You have a pair of horns on your head.


Message History

You block the catoblepas's attack. The hellwing hits you.
The hellwing hits you but does no damage.
You hit the catoblepas but do no damage.
You headbutt the catoblepas, but do no damage.
The catoblepas is moderately wounded.
You miss something.
Your shield and chain mail prevent you from hitting the hellwing.
Something hits you!!
You feel your power leaking away.
Okay, then.
You can now deal lightning-fast blows.
The hellwing hits you.
The hellwing hits you but does no damage.
The catoblepas gores you!!
* * * LOW HITPOINT WARNING * * *
You don't have enough magic at the moment.
You feel better. The catoblepas gores you!!
* * * LOW HITPOINT WARNING * * *
The hellwing hits you!
You die...

#################################
.#..'..#__#..(.4@#..#§.§.'D§§4.4'
.').#..'^.'..#§{Y##'#§####4..§§##
+#####'#__####...'§§#§# ##.§§###
#...#.####§§#####..'.#+#$###+#
##..##.#§≈§.§#§.##○####^.$#y#
_##'#_.+§§≈.§§..#.^☼..#..$###
..'..._#§§§§§#§.#^.^°.{..$$$#
_##_.#'##§#####+###°.^#○....#
_###'#(#.§[.###P+ #.°○###++##


You could see a catoblepas and a hellwing.

Vanquished Creatures
  2 centaur warriors (D)
  Sonja (D)
  A deep troll (D)
  A lindwurm (D)
  2 merfolk sirens (D)
  A gargoyle (D)
  4 demonic crawlers (D)
  2 kobold demonologists (D)
  A hornet (D)
  A slime creature (D)
  Sigmund (D)
  A yak (D)
  7 hogs (D)
  A floating eye (D)
  An ogre (D)
  A jelly (D)
  Ijyb (D)
  4 ballistomycetes (D)
33 creatures vanquished.

Vanquished Creatures (others)
  A gargoyle (D)
  4 hornets (D)
  3 hogs (D)
  A floating eye (D)
  2 ballistomycete spores (D)
11 creatures vanquished.

Grand Total: 44 creatures vanquished

Notes
Turn   | Place    | Note
-------+----------+-------------------------------------------
     0 | D        | Kobolds4U the Minotaur Fighter began the quest for the Orb.
     0 | D        | Reached XP level 1. HP: 19/19 MP: 0/0
     1 | D        | Noticed Ijyb
    16 | D        | Killed Ijyb
    16 | D        | Reached skill level 5 in Fighting
    16 | D        | Reached skill level 6 in Axes
    16 | D        | Reached XP level 2. HP: 25/29 MP: 1/1
    51 | D        | Noticed an ogre
    55 | D        | Killed an ogre
    55 | D        | Reached skill level 8 in Axes
    55 | D        | Reached skill level 5 in Armour
    55 | D        | Reached XP level 3. HP: 38/38 MP: 2/2
    55 | D        | Reached XP level 4. HP: 45/45 MP: 3/3
    61 | D        | Noticed Sigmund
    66 | D        | Killed Sigmund
    66 | D        | Reached skill level 11 in Axes
    66 | D        | Reached XP level 5. HP: 56/56 MP: 4/4
    66 | D        | Reached XP level 6. HP: 62/62 MP: 5/5
    79 | D        | Found a burning altar of Makhleb.
    79 | D        | Found a viscous altar of Jiyva.
    79 | D        | Found a shimmering altar of Xom.
    79 | D        | Found a corrupted altar of Lugonu.
    79 | D        | Noticed a slime creature
    87 | D        | Killed a slime creature
    87 | D        | Reached skill level 12 in Axes
    88 | D        | Found an ornate altar of the Wu Jian Council.
    88 | D        | Found a deep blue altar of Sif Muna.
    90 | D        | Found a radiant altar of Vehumet.
   100 | D        | Found Tioschi's Distillery.
   100 | D        | Found an ancient bone altar of Kikubaaqudgha.
   100 | D        | Found a hazy altar of Hepliaklqana.
   100 | D        | Found a stormy altar of Qazlal.
   100 | D        | Found a hide-covered altar of Uskayaw.
   100 | D        | Found a blossoming altar of Fedhas.
   100 | D        | Found a bloodstained altar of Trog.
   100 | D        | Found an iron altar of Okawaru.
   100 | D        | Found a basalt altar of Yredelemnul.
   100 | D        | Found a glowing golden altar of the Shining One.
   100 | D        | Found a snail-covered altar of Cheibriados.
   100 | D        | Found a sacrificial altar of Ru.
   100 | D        | Found a glowing silver altar of Zin.
   100 | D        | Found a shadowy altar of Dithmenos.
   100 | D        | Found a white marble altar of Elyvilon.
   100 | D        | Noticed a yak
   104 | D        | Killed a yak
   104 | D        | Reached skill level 10 in Fighting
   104 | D        | Reached skill level 13 in Axes
   104 | D        | Reached XP level 7. HP: 29/72 MP: 6/6
   105 | D        | Found an opulent altar of Gozag.
   106 | D        | Found a sparkling altar of Nemelex Xobeh.
   110 | D        | Bought a potion of berserk rage for 65 gold pieces
   111 | D        | Became a worshipper of Warmaster Okawaru
   351 | D        | Noticed a centaur warrior
   354 | D        | Noticed a centaur warrior
   358 | D        | HP: 1/72 [centaur warrior (12)]
   365 | D        | Killed a centaur warrior
   365 | D        | Reached * piety under Okawaru
   365 | D        | Reached skill level 15 in Axes
   365 | D        | Reached XP level 8. HP: 12/82 MP: 7/7
   365 | D        | HP: 5/123 [centaur warrior (7)]
   372 | D        | Killed a centaur warrior
   372 | D        | Reached skill level 16 in Axes
   701 | D        | Noticed a hornet
   707 | D        | Paralysed by a hornet for 1 turns
   710 | D        | Killed a hornet
   710 | D        | Reached ** piety under Okawaru
   710 | D        | Reached XP level 9. HP: 57/92 MP: 7/9
   919 | D        | Noticed an oklob plant
  1259 | D        | Noticed a deep troll
  1272 | D        | Killed a deep troll
  1288 | D        | Found Ytusi's Armour Emporium.
  1292 | D        | Bought a +0 chain mail for 58 gold pieces
  1480 | D        | Noticed Sonja
  1486 | D        | HP: 4/93 [Sonja/+0 dagger of distortion (20)]
  1487 | D        | Killed Sonja
  1487 | D        | Reached *** piety under Okawaru
  1487 | D        | Reached skill level 5 in Invocations
  1500 | D        | Found Nepruize's Jewellery Boutique.
  1506 | D        | Noticed a shining eye
  1506 | D        | Noticed a shining eye
  1506 | D        | Noticed a shining eye
  1506 | D        | Noticed a shining eye
  1506 | D        | Noticed a shining eye
  1506 | D        | Noticed a shining eye
  1859 | D        | Bought the amulet of Mexued {+Fly rC- Regen+ Str+6 Stlth-}
                  | for 519 gold pieces
  1975 | D        | Noticed a kobold demonologist
  1976 | D        | Noticed a kobold demonologist
  1979 | D        | Noticed a sixfirhy
  1979 | D        | Killed a kobold demonologist
  1979 | D        | Received a gift from Okawaru
  1979 | D        | Paralysed by a floating eye for 4 turns
  1988 | D        | Killed a kobold demonologist
  2011 | D        | Noticed a demonic crawler
  2011 | D        | Noticed a demonic crawler
  2011 | D        | Noticed a demonic crawler
  2011 | D        | Noticed a demonic crawler
  2016 | D        | Killed a demonic crawler
  2016 | D        | Reached XP level 10. HP: 93/104 MP: 10/14
  2022 | D        | Reached **** piety under Okawaru
  2023 | D        | Reached skill level 15 in Fighting
  2030 | D        | Reached skill level 5 in Bows
  2108 | D        | Noticed a lindwurm
  2118 | D        | Killed a lindwurm
  2154 | D        | Noticed a 12-headed hydra
  2198 | D        | Noticed a gargoyle
  2203 | D        | Killed a gargoyle
  2203 | D        | Reached ***** piety under Okawaru
  2203 | D        | Reached skill level 1 in Evocations
  2342 | D        | Killed a gargoyle
  2430 | D        | Noticed a merfolk siren
  2430 | D        | Noticed a deep elf annihilator
  2460 | D        | Killed a merfolk siren
  2460 | D        | Reached skill level 15 in Armour
  2463 | D        | Noticed a merfolk siren
  2471 | D        | Killed a merfolk siren
  2500 | D        | Noticed a catoblepas
  2500 | D        | a 12-headed hydra changed into a catoblepas
  2509 | D        | HP: 1/107 [catoblepas (22)]
  2509 | D        | Mangled by a hellwing

Skill      XL: |  1  2  3  4  5  6  7  8  9 10 |
---------------+-------------------------------+-----
Fighting       | 5 6 8 10 11 12 14 15 | 15.9
Axes           | 6 8 11 13 15 16 | 16.2
Armour         | 5 7 9 11 12 14 15 | 15.2
Invocations    | 2 6 8 |  8.2
Bows           | 2 8 |  8.9
Evocations     | 2 |  2.7
Shields        | |  3.6

Action                   |  1- 3 |  4- 6 |  7- 9 | 10-12 || total
-------------------------+-------+-------+-------+-------++-------
Melee: Unarmed           |     7 |       |       |       ||     7
       War axe           |     3 |    16 |    68 |    84 ||   171
       Headbutt          |       |     4 |    22 |    24 ||    50
Invok: Heroism           |       |       |     1 |       ||     1
       Finesse           |       |       |       |     1 ||     1
Evoke: Wand              |       |       |       |     1 ||     1
  Use: Potion            |     1 |       |     5 |     1 ||     7
       Scroll            |       |       |       |     1 ||     1
 Stab: Confused          |     1 |       |       |       ||     1
  Eat: Chunk             |       |       |     2 |     1 ||     3
       Ration            |       |       |       |     1 ||     1
Armor: Skin              |     2 |       |       |       ||     2
       Scale mail        |       |     1 |    13 |       ||    14
       Chain mail        |       |       |    27 |    49 ||    76
Dodge: Dodged            |     3 |     3 |    25 |    25 ||    56
Block: Shield            |       |     5 |    37 |    47 ||    89
